 Dungeon Crawl Stone Soup version 0.18.1-48-g4cf74bf (webtiles) character file.

314 KrisztiCat the Digger (level 6, -11/32 HPs)
             Began as a Gargoyle Earth Elementalist on July 9, 2016.
             Killed by nerve-wracking pain
             ... invoked by Grinder
              (14 damage)
             ... on level 4 of the Dungeon.
             The game lasted 00:20:44 (2915 turns).

KrisztiCat the Digger (Gargoyle Earth Elementalist) Turns: 2915, Time: 00:20:45

Health: -11/32     AC:  6    Str: 12    XL:     6   Next: 43%
Magic:  8/13       EV: 17    Int: 17    God:
Gold:   212        SH:  0    Dex: 10    Spells: 1 memorised, 13 levels left

rFire  . . .     SeeInvis .     b - 29 stones
rCold  . . .     Gourm    .     a - +0 robe
rNeg   + . .     Faith    .     (no shield)
rPois  ∞         Spirit   .     (no helmet)
rElec  +         Dismiss  .     (no cloak)
rCorr  .         Reflect  .     (no gloves)
SustAt .         Harm     .     (no boots)
MR     .....                    (no amulet)
Stlth  ++........               (no ring)
                                y - +5 ring of evasion

@: very slightly contaminated, not resistant to hostile enchantments, unstealthy
A: negative energy resistance 1, electricity resistance, unbreathing,
petrification resistance, rot immunity, AC +4
a: no special abilities


You were on level 4 of the Dungeon.
You were not hungry.

You visited 1 branch of the dungeon, and saw 4 of its levels.

You collected 212 gold pieces.

Inventory:

Hand Weapons
 g - a +0 short sword
 q - a +0 whip
Missiles
 b - 29 stones (in hand)
Armour
 a - a +0 robe (worn)
 p - a +0 pair of gloves
 u - a +0 buckler
Jewellery
 r - a +2 ring of protection {unknown}
 y - a +5 ring of evasion (left hand)
Wands
 w - a wand of acid (5/15)
Scrolls
 e - a scroll of fear {unknown}
 t - 2 scrolls of teleportation
 x - 2 scrolls of remove curse {unknown}
 C - a scroll of enchant weapon {unknown}
Potions
 f - a potion of cancellation
 k - a potion of might
 l - a potion of resistance {unknown}
 m - a potion of berserk rage {unknown}
 o - a potion of cure mutation {unknown}
 s - a potion of agility {unknown}
 v - a potion of invisibility {unknown}
 z - a potion of flight {unknown}
 A - a potion of ambrosia {unknown}
 B - a potion of heal wounds {unknown}
Books
 c - a book of Geomancy

   Spells                             Type                      Level
   a - Sandblast                      Earth                        1
   b - Passwall                       Transmutation/Earth          2
   c - Stone Arrow                    Conjuration/Earth            3
   d - Petrify                        Transmutation/Earth          4
   e - Lee's Rapid Deconstruction     Earth                        5
Comestibles
 d - 5 bread rations
 h - 6 chunks of flesh
 i - 9 fruits
 j - 2 meat rations


   Skills:
 - Level 1.5 Dodging
 - Level 2.1 Stealth
 * Level 4.9 Spellcasting
   Level 0.7 Transmutations
 + Level 5.9 Earth Magic


You had 13 spell levels left.
You knew the following spells:

 Your Spells              Type           Power        Failure   Level  Hunger
a - Sandblast             Erth           ###...       1%          1    None


Dungeon Overview and Level Annotations

Branches:
Dungeon (4/15)
 Temple: D:4-7

Altars:
Cheibriados

Annotations:
D:4 Grinder


Innate Abilities, Weirdness & Mutations

You are resistant to torment.
Your stone body is resilient (AC +4).
You are immune to poison.
You resist negative energy.
You are resistant to electric shocks.
You can survive without breathing.
You are immune to petrification.
You are immune to rotting.


Message History

Grinder gestures at you. Pain shoots through your body!
* * * LOW HITPOINT WARNING * * *
Casting: Sandblast
Confirm with . or Enter, or press ? or * to list all spells.
You can't see any susceptible monsters within range! (Use Z to cast anyway.)
Casting: Sandblast
Confirm with . or Enter, or press ? or * to list all spells.
Aiming: Sandblast
Press: ? - help, Shift-Dir - straight line, f/p - Grinder
Aim: Grinder (almost dead)
You miscast Sandblast.
You are very lightly contaminated with residual magic.
Nothing appears to happen.
Grinder blinks!
Casting: Sandblast
Confirm with . or Enter, or press ? or * to list all spells.
You can't see any susceptible monsters within range! (Use Z to cast anyway.) Grinder gestures at you.
Pain shoots through your body!
You die...

..#.#......... ...
....#....#.# # ....
###..........#####.#
....
#....##............? ..
#.##......#....5. .#
#.#......?....# # .#
#)#......####...#.#$.
.###÷#...)..######.5....
.......#.#.$....@...#
###.........#######.#
#....#...## ...##....##
....####..# ###.# #..#
#.. ...# #.# ## .)


You could see Grinder.

Vanquished Creatures
  An ogre (D:4)
  A hound (D:4)
  An orc wizard (D:3)
  A worker ant (D:3)
  4 adders
  2 oozes
  An adder skeleton (D:4)
  2 dart slugs
  5 giant geckos
  5 orcs
  A ball python (D:1)
  7 bats
  4 giant cockroaches
  5 goblins
  13 hobgoblins
  10 jackals
  A quokka (D:3)
  5 giant newts
  11 kobolds
  4 rats
84 creatures vanquished.

Notes
Turn   | Place    | Note
--------------------------------------------------------------
     0 | D:1      | KrisztiCat the Gargoyle Earth Elementalist began the quest for the Orb.
     0 | D:1      | Reached XP level 1. HP: 10/10 MP: 3/3
    95 | D:1      | Reached XP level 2. HP: 4/15 MP: 0/5
   319 | D:1      | Reached skill level 4 in Earth Magic
   627 | D:1      | Reached XP level 3. HP: 15/19 MP: 1/7
  1236 | D:2      | Reached XP level 4. HP: 10/24 MP: 0/8
  1356 | D:2      | Found a snail-covered altar of Cheibriados.
  1864 | D:3      | Reached skill level 5 in Earth Magic
  1864 | D:3      | Reached XP level 5. HP: 22/28 MP: 3/10
  2006 | D:3      | Found a faded altar to an unknown god.
  2777 | D:4      | Noticed an ogre
  2785 | D:4      | Reached XP level 6. HP: 32/32 MP: 9/12
  2884 | D:4      | Noticed Grinder
  2915 | D:4      | Killed from afar by Grinder

Skill      XL: |  1  2  3  4  5 |
---------------+----------------+-----
Earth Magic    | 4 5 |  5.9
Spellcasting   | 3 4 |  4.9
Dodging        | |  1.5
Stealth        | |  2.1
Transmutations | |  0.7

Action                   |  1- 3 |  4- 6 || total
-------------------------+-------+-------++-------
Melee: Short sword       |    59 |    23 ||    82
       Whip              |       |    24 ||    24
 Cast: Sandblast         |    47 |    81 ||   128
  Use: Scroll            |       |     4 ||     4
       Potion            |       |     2 ||     2
 Stab: Sleeping          |     2 |     1 ||     3
  Eat: Chunk             |     1 |     6 ||     7
Armor: Robe              |    30 |    31 ||    61
Dodge: Dodged            |    74 |    78 ||   152
